 Dungeon Crawl Stone Soup version 0.30-a0-365-ge7f957f1db (webtiles) character file.

Game seed: 5749233109100440723

87 RascalDebosk the Magician (level 4, -2/31 HPs)
             Began as a Djinni Necromancer on Nov 16, 2022.
             Slain by an orc priest
             ... wielding a +0 trident
              (3 damage)
             ... on level 3 of the Dungeon.
             The game lasted 00:18:34 (1847 turns).

RascalDebosk the Magician (Djinni Necromancer)      Turns: 1847, Time: 00:18:34

Health: -2/31      AC:  2    Str:  7    XL:     4   Next: 80%
Gold:   62         EV: 12    Int: 18    God:
                   SH:  0    Dex: 14

rFire   + + .      SeeInvis .    h - +2 dagger (venom)
rCold   x . .      Faith    .    (no shield)
rNeg    . . .      Spirit   .    a - +0 robe
rPois   ∞          Reflect  .    (no helmet)
rElec   .          Harm     .    (no cloak)
rCorr   .          Rampage  .    (no gloves)
Will    .....                    (boots unavailable)
Stlth   ++........               (no amulet)
HPRegen 0.25/turn                (no ring)
MPRegen 0.00/turn                (no ring)

@: animating dead (expiring), flying
A: sickness immunity, fire resistance 2, cold vulnerability 1, float, innate
caster, HP casting, extra vitality 1
a: no special abilities


You were on level 3 of the Dungeon.
You visited 1 branch of the dungeon, and saw 3 of its levels.

You collected 62 gold pieces.

Inventory:

Hand Weapons
 h - a +2 dagger of venom (weapon)
 s - a +0 dagger
Armour
 a - a +0 robe (worn)
Scrolls
 b - a scroll of identify {unknown}
 d - 2 scrolls of immolation {unknown}
 f - a scroll of teleportation {unknown}
 g - a scroll of poison {unknown}
Potions
 c - a potion of heal wounds {unknown}
 e - a potion of flight {unknown}


   Skills:
 - Level 2.1 Dodging
 - Level 1.5 Stealth
 + Level 4.6 Spellcasting


You couldn't memorise any spells.
You knew the following spells:

 Your Spells              Type           Power      Damage    Failure   Level
a - Necrotise             Necr           80%        1d8       1%          1
b - Vampiric Draining     Necr           20%        2d7       6%          3
c - Animate Dead          Necr           20%        N/A       21%         4
d - Agony                 Necr           20%        N/A       50%         5
e - Shock                 Conj/Air       80%        1d8       1%          1
Your spell library was empty.

Dungeon Overview and Level Annotations

Branches:
Dungeon (3/15)

Altars:


Innate Abilities, Weirdness & Mutations

You are immune to sickness and miasma.
You are immune to poison.
Your flesh is very heat resistant. (rF++)
You are vulnerable to cold. (rC-)
You float through the air rather than walking.
You learn spells naturally, not from books.
Your magical power is your life essence.
You have superior vitality. (+4 MHP)


Message History

You kill the goblin!
You feel life coursing into your body.
Unknown command.
You see here a +2 dagger of venom.
You see here a +2 dagger of venom.
h - a +2 dagger of venom Your +2 dagger of venom begins to drip with poison!
h - a +2 dagger of venom (weapon)
A rat comes into view.
A frilled lizard comes into view.
An orc comes into view. It is wielding a +0 dagger.
The frilled lizard hisses angrily.
You catch the helpless rat completely off-guard!
You puncture the rat!
You kill the rat!
The dead are walking!
The frilled lizard barely misses your rat zombie.
You hit the orc.
The orc is severely wounded.
Your reaping aura is weakening.
The orc hits you with a +0 dagger.
The frilled lizard bites your rat zombie.
You hit the orc.
You kill the orc!
Your rat zombie barely misses the frilled lizard.
The frilled lizard bites your rat zombie.
The frilled lizard bites your rat zombie.
Your rat zombie misses the frilled lizard.
You swap places.
The frilled lizard misses you.
You barely miss the frilled lizard. The frilled lizard closely misses you.
You barely miss the frilled lizard. The frilled lizard misses you.
You barely miss the frilled lizard.
Your reaping aura expires.
The frilled lizard bites you but does no damage.
You barely miss the frilled lizard. The frilled lizard bites you.
You hit the frilled lizard.
You kill the frilled lizard!
You see here a frilled lizard corpse.
HP restored.
An orc wizard and an orc priest come into view.
Casting: Vampiric Draining (dangerous; 6% risk of failure)
Confirm with . or Enter, or press ? or * to list all spells.
The spell is extremely dangerous to miscast (21% risk of failure)!
Continue anyway?
You dismiss your zombies and call upon the dead to rise afresh.
Your rat zombie crumbles into dust!
The orc priest shouts!
An orc comes into view. It is wielding a +0 hand axe.
The orc priest mumbles some strange prayers to Beogh against you.
Beogh smites you!
Ouch! That really hurt!
* * * LOW HITPOINT WARNING * * *
The orc shouts!
Aiming: Necrotise (safe; 1% risk of failure)
Press: ? - help, Q - select action, (/) - cycle Shift-Dir - straight line, f - orc wizard
Aim: an orc wizard, wielding a +0 dagger and wearing a +0 robe (chance to affect: 78%)
The orc wizard writhes in agony.
* * * LOW HITPOINT WARNING * * *
Aiming: Necrotise (safe; 1% risk of failure)
Press: ? - help, Q - select action, (/) - cycle Shift-Dir - straight line, f - orc
Aim: an orc, wielding a +0 hand axe and wearing a +0 leather armour (chance to affect: 89%)
The orc writhes in agony.
* * * LOW HITPOINT WARNING * * *
Aiming: Necrotise (safe; 1% risk of failure)
Press: ? - help, Q - select action, (/) - cycle Shift-Dir - straight line, f/p - orc
Aim: an orc, wielding a +0 hand axe and wearing a +0 leather armour (almost dead, chance to affect: 89%)
The orc writhes in agony!
You kill the orc!
* * * LOW HITPOINT WARNING * * *
Aiming: Necrotise (safe; 1% risk of failure)
Press: ? - help, Q - select action, (/) - cycle Shift-Dir - straight line, f - orc wizard
Aim: an orc wizard, wielding a +0 dagger and wearing a +0 robe (heavily wounded, chance to affect: 78%)
The orc wizard barely resists.
* * * LOW HITPOINT WARNING * * *
Aiming: Necrotise (safe; 1% risk of failure)
Press: ? - help, Q - select action, (/) - cycle Shift-Dir - straight line, f/p - orc wizard
Aim: an orc wizard, wielding a +0 dagger and wearing a +0 robe (heavily wounded, chance to affect: 78%)
The orc wizard barely resists.
* * * LOW HITPOINT WARNING * * *
The orc wizard points at you and mumbles some strange words.
You resist with some effort.
The orc wizard gestures at you while chanting.
The magic dart hits you!
* * * LOW HITPOINT WARNING * * *
The orc priest closely misses you.
Casting: Necrotise (safe; 1% risk of failure)
Confirm with . or Enter, or press ? or * to list all spells.
You don't have enough health to cast this spell.
Casting: Necrotise (safe; 1% risk of failure)
Confirm with . or Enter, or press ? or * to list all spells.
Aiming: Necrotise (safe; 1% risk of failure)
Press: ? - help, Shift-Dir - straight line, f/p - orc wizard
Aim: an orc wizard, wielding a +0 dagger and wearing a +0 robe (heavily wounded, chance to affect: 78%)
The orc wizard writhes in agony.
* * * LOW HITPOINT WARNING * * *
Your reaping aura is weakening.
The orc wizard casts a spell at you. The puff of flame hits you. You resist.
* * * LOW HITPOINT WARNING * * *
The orc priest hits you from afar with a +0 trident.
You die...

#.##.# ## #
#.##.# ...#.
#.##<#
#.#..##.##.#
#.....)....#
#.#..##.####
#..##.#
#.#†########
##o@........
#o##########
#...#
#......
###.....
...o...
.##..##.. #.
#oo# .#. #
#..# #..


You could see an orc priest and an orc wizard.

Vanquished Creatures
  Robin (D:2)
  An adder (D:2)
  A dart slug (D:2)
  2 orcs (D:3)
  5 endoplasms
  3 giant cockroaches
  14 goblins
  4 hobgoblins (D:2)
  4 ball pythons
  4 bats
  2 frilled lizards
  4 kobolds
  6 rats
51 creatures vanquished.

Vanquished Creatures (collateral kills)
  A dart slug (D:2)
  A bat (D:2)
  A goblin (D:2)
3 creatures vanquished.

Vanquished Creatures (others)
  A goblin zombie (D:2)
  A hobgoblin zombie (D:2)
2 creatures vanquished.

Grand Total: 56 creatures vanquished

Notes
Turn   | Place    | Note
-------+----------+-------------------------------------------
     0 | D:1      | RascalDebosk the Djinni Necromancer began the quest for the
                  | Orb.
     0 | D:1      | RascalDebosk set off with the following spells memorised:
                  | Necrotise, Vampiric Draining, Animate Dead, Agony.
     0 | D:1      | Reached XP level 1. HP: 15/15 MP: 0/0
   137 | D:1      | Reached XP level 2. HP: 18/21 MP: 0/0
   848 | D:2      | Reached XP level 3. HP: 16/25 MP: 0/0
   848 | D:2      | Learned a level 1 spell: Shock
   954 | D:2      | Reached skill level 4 in Spellcasting
  1323 | D:2      | Reached XP level 4. HP: 28/31 MP: 0/0
  1404 | D:2      | Noticed Robin
  1409 | D:2      | Killed Robin
  1847 | D:3      | HP: 1/31 [orc wizard/puff of flame (2)]
  1847 | D:3      | Slain by an orc priest

Illustrated notes

Levels and vault maps discovered:
D:1:      lightli_arrival_chessboard, layout_basic
D:2:      minmay_evil_eye, layout_basic, kennysheep_generic_room_4, uniq_robin
D:3:      layout_loops_ring

Skill      XL: |  1  2  3 |
---------------+----------+-----
Spellcasting   | 4 |  4.6
Dodging        | |  2.1
Stealth        | |  1.5

Action                   |  1- 3 |  4- 6 || total
-------------------------+-------+-------++-------
Melee: Dagger            |       |    28 ||    28
 Cast: Necrotise         |    68 |    11 ||    79
       Vampiric Draining |     1 |     1 ||     2
       Shock             |       |     6 ||     6
       Animate Dead      |       |     4 ||     4
 Stab: Distracted        |       |     1 ||     1
Armor: Robe              |     2 |     5 ||     7
Dodge: Dodged            |     5 |    15 ||    20

Table legend: (Time is in decaauts)
 A = Elapsed time spent in this place.
 B = Non-inter-level travel time spent in this place.
 C = Inter-level travel time spent in this place.
 D = Time resting spent in this place.
 E = Time spent auto-exploring this place.
 F = Levels seen in this place.
 G = Mean time per level.
                   A        B        C        D        E       F      G
               +--------+--------+--------+--------+--------+-----+--------+
         Total |   1845 |   1804 |     41 |    102 |   1210 |   3 |  615.0 |
       Dungeon |   1845 |   1804 |     41 |    102 |   1210 |   3 |  615.0 |
               +--------+--------+--------+--------+--------+-----+--------+

Top non-repeatable levels by time:
     D:2: 943 daAuts
     D:1: 839 daAuts
     D:3: 63 daAuts
